 Dungeon Crawl Stone Soup version 0.29.1-15-g9cfb28693d (webtiles) character file.

Game seed: 13516678411162629516

190 coffeetime the Trooper (level 5, -1/47 (48) HPs)
             Began as a Minotaur Berserker on July 10, 2023.
             Was a Believer of Trog.
             Killed by divine providence
             ... invoked by an orc priest
              (16 damage)
             ... on level 4 of the Dungeon.
             The game lasted 00:06:15 (2393 turns).

coffeetime the Trooper (Minotaur Berserker)         Turns: 2393, Time: 00:06:15

HP:   -1/47 (48)    AC:  7    Str: 24    XL:     5   Next: 41%
MP:   4/4           EV: 15    Int:  4    God:    Trog [**....]
Gold: 64            SH:  0    Dex:  9    Spells: 4/4 levels left

rFire   . . .      SeeInvis .   k - +0 lajatang
rCold   . . .      Faith    .   (shield currently unavailable)
rNeg    . . .      Spirit   .   d - +0 scale mail
rPois   .          Reflect  .   (helmet restricted)
rElec   .          Harm     .   (no cloak)
rCorr   .          Rampage  .   (no gloves)
Will    ++...                   (no boots)
Stlth   ..........              (no amulet)
HPRegen 1.15/turn               j - +4 ring of evasion
MPRegen 0.09/turn               (no ring)

@: strong-willed (expiring), regenerating (expiring), lightly drained
A: horns 2, retaliatory headbutt
a: Renounce Religion, Berserk, Trog's Hand


You were on level 4 of the Dungeon.
You worshipped Trog.
Trog was pleased with you.
You visited 1 branch of the dungeon, and saw 4 of its levels.

You collected 64 gold pieces.

Inventory:

Hand Weapons
 a - a +0 hand axe
 g - a +0 war axe
 k - a +0 lajatang (weapon)
 o - a +2 short sword of draining
Armour
 b - a +0 animal skin
 c - a +0 leather armour
 d - a +0 scale mail (worn)
 p - the +3 chain mail of the Moon {Harm +Inv Str-3 SInv}
   (You found it on level 3 of the Dungeon)

   Str:       It affects your strength (-3).
   SInv:      It lets you see invisible.
   +Inv:      It lets you turn invisible.
   Harm:      It increases damage dealt and taken.
Jewellery
 j - a +4 ring of evasion (left hand)
Wands
 l - a wand of flame (16)
Scrolls
 e - 2 scrolls of teleportation {unknown}
 f - a scroll of magic mapping {unknown}
 h - 4 scrolls of identify {unknown}
 i - a scroll of fear {unknown}
 q - a scroll of enchant weapon {unknown}
 r - a scroll of summoning {unknown}
Potions
 m - 2 potions of mutation {unknown}
 n - 3 potions of heal wounds {unknown}


   Skills:
 + Level 5.1 Fighting
 - Level 4.5 Axes
 + Level 4.3 Armour
 + Level 3.3 Dodging


You had 4 spell levels left.
You didn't know any spells.
Your spell library contained the following spells:

 Spells                   Type           Power      Damage    Failure   Level
 Blink                    Tloc           0%         N/A       90%         2
 Lesser Beckoning         Tloc           0%         N/A       99%         3
 Manifold Assault         Tloc           0%         N/A       100%        5


Dungeon Overview and Level Annotations

Branches:
Dungeon (4/15)             Temple (0/1) D:4

Altars:

Annotations:
D:2 Sigmund
D:3 1 runed translucent door, Brunhilda's ghost, amateur GrFE


Innate Abilities, Weirdness & Mutations

You have a pair of horns on your head.
You reflexively headbutt those who attack you in melee.


Message History

You feel a strong urge to attack something.
You feel your anger nearly subside.
You are no longer berserk.
You are exhausted.
You feel yourself slow down.
You start resting.
You feel yourself speed up.
HP restored.
You recover from your berserk rage.
An orc priest comes into view. It is wielding a +0 short sword.
The orc priest shouts!
You hear a shout!
The orc priest mumbles some strange prayers to Beogh against you.
Beogh smites you!
You hear a shout!
An orc priest comes into view.
It is wielding a +2 falchion of draining.
Your skin crawls.
You feel strong-willed.
The orc priest calls down the wrath of Beogh upon you.
Beogh smites you!
The orc priest calls down the wrath of Beogh upon you.
Beogh smites you!
You slice the orc priest!!
You kill the orc priest!
Trog accepts your kill.
Your Dodging skill increases to level 3!
Things that are here:
a +0 short sword; an orc corpse You feel the effects of Trog's Hand fading.
An orc comes into view. It is wielding a +0 club.
The orc shouts!
An orc comes into view. It is wielding a +0 trident.
The orc priest looks satisfied for a moment.
The orc priest hits you with a +2 falchion of draining!
You feel drained.
* * * LOW HITPOINT WARNING * * *
You closely miss the orc priest.
The orc priest sings a few bars from the Orcish anthem.
The orc priest mumbles some strange prayers to Beogh against you.
Beogh smites you!
You die...

##.#.#...#..#
#..#.###....##
##.##...###...#
###..#......†.#.#
##...##..>..##...#
######..#........#..###.
........).###...##..<...
...o.o.##...###.#..####.
######o@......#.#...
#.###.##.....#.# #.
.###.#.. # #. .# # ...
#. .# #### #. .# #. .#
..


You could see an orc priest and 2 orcs.

Vanquished Creatures
  A scorpion (D:4)
  An orc priest (D:4)
  A jelly (D:3)
  Terence (D:3)
  An adder (D:4)
  A worm (D:2)
  2 dart slugs (D:1)
  3 endoplasms (D:1)
  3 giant cockroaches
  6 goblins
  A hobgoblin (D:1)
  4 ball pythons (D:1)
  6 bats
  A frilled lizard (D:1)
  3 rats (D:3)
35 creatures vanquished.

Notes
Turn   | Place    | Note
-------+----------+-------------------------------------------
     0 | D:1      | coffeetime the Minotaur Berserker began the quest for the
                  | Orb.
     0 | D:1      | Reached XP level 1. HP: 19/19 MP: 0/0
   401 | D:1      | Reached XP level 2. HP: 27/27 MP: 1/1
   419 | D:1      | Reached skill level 4 in Fighting
   648 | D:1      | Found a faded altar of an unknown god.
   985 | D:2      | Noticed Sigmund
  1087 | D:2      | Reached XP level 3. HP: 28/33 MP: 2/2
  1233 | D:3      | Noticed Terence
  1243 | D:3      | Killed Terence
  1243 | D:3      | Reached ** piety under Trog
  1472 | D:3      | Reached XP level 4. HP: 36/41 MP: 3/3
  1892 | D:3      | Identified the +3 chain mail of the Moon {Harm +Inv Str-3
                  | SInv}
  2127 | D:3      | Found a runed translucent door.
  2127 | D:3      | Noticed Brunhilda's ghost (amateur GrFE)
  2302 | D:4      | Found a staircase to the Ecumenical Temple.
  2310 | D:4      | Noticed a scorpion
  2326 | D:4      | Killed a scorpion
  2327 | D:4      | Reached skill level 5 in Fighting
  2327 | D:4      | Reached XP level 5. HP: 48/48 MP: 4/4
  2393 | D:4      | Killed from afar by an orc priest

Illustrated notes

Levels and vault maps discovered:
D:1:      wander_arrival_desolate, layout_loops_cross,
          shapermc_ecumenical_altar_flowoftime
D:2:      layout_loops_cross, supply_closet_lemuel, uniq_sigmund, uniq_robin
D:3:      layout_basic, ebering_ghost_inner_flame, uniq_terence
D:4:      layout_loops_ring, minmay_temple_entry_slanted,
          hangedman_abyss_or_decor_passed, uniq_crazy_yiuf_cottage

Skill      XL: |  1  2  3  4  5 |
---------------+----------------+-----
Fighting       | 4 5 |  5.1
Axes           | 4 |  4.5
Armour         | 3 4 |  4.3
Dodging        | 3 |  3.3

Action                   |  1- 3 |  4- 6 || total
-------------------------+-------+-------++-------
Melee: Hand axe          |    49 |       ||    49
       Headbutt          |     9 |     1 ||    10
       Punch             |     1 |       ||     1
       Lajatang          |    11 |    13 ||    24
       War axe           |     5 |       ||     5
Throw: Stone             |     3 |       ||     3
Invok: Berserk           |       |     1 ||     1
       Trog's Hand       |       |     1 ||     1
Armor: Scale mail        |    27 |     4 ||    31
       Animal skin       |     2 |       ||     2
       Leather armour    |     1 |       ||     1
Dodge: Dodged            |    30 |    12 ||    42
